 Dungeon Crawl Stone Soup version 0.28-a0-21-gf74fda84f9 (webtiles) character file.

Game seed: 16347381695800642417

10510 dolemite99 the Grappler (level 11, -5/97 HPs)
             Began as a Troll Necromancer on July 27, 2021.
             Was an Elder of Okawaru.
             Slain by a seven-headed hydra (10 damage)
             ... on level 1 of the Lair of Beasts.
             The game lasted 00:24:33 (11750 turns).

dolemite99 the Grappler (Troll Necromancer)        Turns: 11750, Time: 00:24:34

Health: -5/97      AC:  9    Str: 21    XL:     11   Next: 37%
Magic:  10/14      EV: 10    Int: 13    God:    Okawaru [****..]
Gold:   198        SH:  0    Dex: 10    Spells: 8/16 levels left

rFire   . . .      SeeInvis .     - Unarmed
rCold   + . .      Faith    .   (no shield)
rNeg    . . .      Spirit   .   a - +1 robe
rPois   .          Reflect  .   (helmet restricted)
rElec   .          Harm     .   (no cloak)
rCorr   .          Rampage  .   (gloves unavailable)
Will    .....                   (boots unavailable)
Stlth   +.........              (no amulet)
HPRegen 1.26/turn               c - ring of Kilalluak {rC+ Str+2}
MPRegen 0.14/turn               w - +4 ring of protection

@: no status effects
A: large, unfitting armour, claws 3, regeneration 1, shaggy fur 1, tough skin 1
a: Renounce Religion, Heroism


You were on level 1 of the Lair of Beasts.
You worshipped Okawaru.
Okawaru was greatly pleased with you.
You visited 3 branches of the dungeon, and saw 11 of its levels.

You collected 664 gold pieces.
You spent 466 gold pieces at shops.

Inventory:

Hand Weapons
 g - a +1 hunting sling of flaming
 p - a +0 hunting sling
Missiles
 d - 92 arrows
 e - 34 poisoned darts
 m - 324 stones
 n - 52 sling bullets
 o - 110 bolts
 D - a large rock (quivered)
 E - 19 boomerangs
Armour
 a - a +1 robe (worn)
 I - a +2 cloak
Jewellery
 c - the ring of Kilalluak (left claw) {rC+ Str+2}
   (You acquired it on level 8 of the Dungeon)

   [ring of protection from cold]

   Str:       It affects your strength (+2).
   rC:        It protects you from cold.
 f - a ring of wizardry
 j - a +4 ring of evasion
 w - a +4 ring of protection (right claw)
 x - a ring of ice
 F - a ring of flight
 G - a ring of resist corrosion
Wands
 k - a wand of flame (14)
 r - a wand of polymorph (36)
 v - a wand of paralysis (4)
 y - a wand of iceblast (14)
Scrolls
 b - a scroll of vulnerability
 h - a scroll of fear
 u - 5 scrolls of teleportation
 J - a scroll of identify {@r1}
Potions
 i - 7 potions of curing
 l - a potion of flight
 q - 2 potions of berserk rage
 s - a potion of mutation
 t - 2 potions of magic
 z - 2 potions of attraction
 A - a potion of resistance
 B - a potion of haste
 C - a potion of heal wounds
 H - a potion of invisibility


   Skills:
 + Level 3.2 Fighting
 + Level 6.8 Throwing
 - Level 3.0 Dodging
 - Level 1.0 Stealth
 - Level 12.6 Unarmed Combat
 - Level 3.2 Spellcasting
 - Level 5.0 Necromancy
 - Level 3.0 Invocations
 - Level 3.0 Evocations


You had 8 spell levels left.
You knew the following spells:

 Your Spells              Type           Power      Damage    Failure   Level
a - Animate Dead          Necr           7%         N/A       28%         4
b - Vampiric Draining     Necr           7%         2d7       9%          3
s - Animate Skeleton      Necr           30%        N/A       3%          1

Your spell library contained the following spells:

 Spells                   Type           Power      Damage    Failure   Level
 Pain                     Necr           60%        1d7       3%          1
 Passwall                 Tmut/Erth      1%         N/A       34%         2
 Slow                     Hex            2%         N/A       34%         2
 Confusing Touch          Hex            2%         N/A       56%         3
 Swiftness                Air            2%         N/A       56%         3
 Agony                    Necr           15%        N/A       63%         5
 Conjure Ball Lightning   Conj/Air       1%         3x3d6     100%        6
 Dispersal                Tloc           1%         N/A       100%        6
 Invisibility             Hex            1%         N/A       100%        6
 Iron Shot                Conj/Erth      1%         9d1       100%        6
 Statue Form              Tmut/Erth      1%         N/A       100%        6
 Disjunction              Tloc           1%         N/A       100%        8


Dungeon Overview and Level Annotations

Branches:
Dungeon (9/15)             Temple (1/1) D:5            Lair (1/6) D:8
    Orc (0/2) D:9

Altars:
Ashenzari
Cheibriados
Dithmenos
Elyvilon
Fedhas
Kikubaaqudgha
Makhleb
Nemelex Xobeh
Okawaru
Qazlal
Ru
Sif Muna
Trog
Uskayaw
Vehumet
Wu Jian
Xom
Yredelemnul
Zin
The Shining One
Beogh

Shops:
D:3 *   D:5 *

Annotations:
D:9 3 runed translucent doors, ojifijod's ghost, journeyman GrFi


Innate Abilities, Weirdness & Mutations

You are too large for most types of armour.
You have claws for hands.
Your natural rate of healing is unusually fast.
You are covered in fur. (AC +1)
You have tough skin. (AC +1)


Message History

Press: ? - help, Shift-Dir - straight line, f/p - seven-headed hydra
Aim: a seven-headed hydra (moderately wounded)
The mass of ice explodes!
The iceblast engulfs the seven-headed hydra!
The seven-headed hydra is heavily wounded.
The iceblast engulfs the five-headed hydra!
The five-headed hydra is lightly wounded.
Evoke which item? (* to show all) (? for menu, Esc to quit)
Aiming: Iceblast
Press: ? - help, Shift-Dir - straight line, f/p - seven-headed hydra
Aim: a seven-headed hydra (heavily wounded)
The mass of ice explodes!
The iceblast engulfs the seven-headed hydra!!
The seven-headed hydra is severely wounded.
The iceblast engulfs the five-headed hydra!
The five-headed hydra is moderately wounded.
You feel like a meek peon again.
Throw: 2 large rocks
Press: ? - help, Q - select action, (/) - cycle Shift-Dir - straight line, f/p - seven-headed hydra
Aim: a seven-headed hydra (severely wounded, 79% to hit)
You throw a large rock.
The large rock hits the seven-headed hydra!!
The seven-headed hydra is almost dead.
The seven-headed hydra bites you! x3
The seven-headed hydra closely misses you.
The seven-headed hydra bites you. The seven-headed hydra bites you!
The seven-headed hydra bites you. The five-headed hydra bites you!
* * * LOW HITPOINT WARNING * * *
The five-headed hydra bites you.
* * * LOW HITPOINT WARNING * * *
The five-headed hydra bites you.
* * * LOW HITPOINT WARNING * * *
The five-headed hydra bites you.
* * * LOW HITPOINT WARNING * * *
The five-headed hydra bites you but does no damage.
The seven-headed hydra bites you!
* * * LOW HITPOINT WARNING * * *
The seven-headed hydra completely misses you.
The seven-headed hydra bites you!
You die...

.............P^..#..
..................P....
......................#
......................#
.....................#
................##....#
.(Pb..................#
.(.(..................## .
........(.((..D@......P# ..
.............D.P.....## ..
.#.#P..#....##........# ### ..
...........P.##.?.....###.####..
...#........#..................
.......#....P##.P...............
....#.......###.....####.###....
...........## #.....# ### #....
.......##### #...... #....


You could see a seven-headed hydra and a five-headed hydra.

Vanquished Creatures
  3 death yaks (D:8)
  Joseph (D:8)
  A black mamba (D:8)
  2 komodo dragons (Lair:1)
  A hornet (D:8)
  A vampire (D:9)
  14 yaks
  A wraith (D:9)
  2 wyverns
  4 steam dragons
  2 water moccasins
  2 black bears
  A sky beast (D:7)
  A hornet zombie (D:8)
  2 ogres
  4 orc warriors
  A necrophage (D:6)
  2 centaurs (D:9)
  2 phantoms (D:5)
  3 kobold brigands (D:9)
  11 bullfrogs
  2 scorpions
  A wyvern skeleton (D:5)
  A water moccasin skeleton (D:5)
  A killer bee (D:7)
  5 wights (D:8)
  2 howler monkeys (D:7)
  3 centaur zombies
  6 jellies
  3 bullfrog skeletons
  3 hounds
  Crazy Yiuf (D:5)
  7 orc priests
  3 iguanas
  5 orc wizards
  A killer bee zombie (D:6)
  A hound skeleton (D:4)
  2 howler monkey skeletons (D:6)
  10 adders
  12 gnolls
  A river rat (D:8)
  A shadow imp (D:8)
  A white imp (D:5)
  An ufetubus (D:6)
  An adder skeleton (D:4)
  A worm (D:2)
  A dart slug (D:4)
  56 orcs
  10 ball pythons
  5 endoplasms
  13 giant cockroaches
  7 goblins
  6 hobgoblins
  8 jackals
  2 quokkas
  4 bats
  3 frilled lizards (D:1)
  8 kobolds
  7 rats
266 creatures vanquished.

Vanquished Creatures (collateral kills)
  A howler monkey skeleton (D:7)
1 creature vanquished.

Vanquished Creatures (others)
  A plant (Lair:1)
1 creature vanquished.

Grand Total: 268 creatures vanquished

Notes
Turn   | Place    | Note
-------+----------+-------------------------------------------
     0 | D:1      | dolemite99 the Troll Necromancer began the quest for the
                  | Orb.
     0 | D:1      | Reached XP level 1. HP: 16/16 MP: 1/1
    83 | D:1      | Reached skill level 1 in Unarmed Combat
   185 | D:1      | Reached XP level 2. HP: 23/24 MP: 2/2
   315 | D:1      | Reached skill level 2 in Unarmed Combat
   773 | D:1      | Reached XP level 3. HP: 31/31 MP: 1/3
  1099 | D:2      | Reached skill level 3 in Unarmed Combat
  1181 | D:2      | Noticed a black bear
  1200 | D:2      | Killed a black bear
  1201 | D:2      | Reached skill level 4 in Unarmed Combat
  1201 | D:2      | Reached XP level 4. HP: 15/39 MP: 4/4
  1201 | D:2      | Reached XP level 5. HP: 18/45 MP: 5/5
  1387 | D:2      | Reached skill level 5 in Unarmed Combat
  2731 | D:3      | Reached XP level 6. HP: 53/53 MP: 6/6
  2764 | D:3      | Reached skill level 6 in Unarmed Combat
  2908 | D:3      | Found Ifeytwav's Assorted Antiques.
  2925 | D:3      | Bought a fuming coppery potion for 22 gold pieces
  2925 | D:3      | Bought a scroll labelled PICHUZ JACVY for 25 gold pieces
  3632 | D:5      | Entered Level 5 of the Dungeon
  3712 | D:5      | Reached skill level 7 in Unarmed Combat
  3846 | D:5      | Found Sorool's Assorted Antiques.
  3854 | D:5      | Bought a scroll of identify for 46 gold pieces
  3858 | D:5      | Learned a level 1 spell: Animate Skeleton
  3862 | D:5      | Learned a level 3 spell: Vampiric Draining
  3983 | D:5      | Reached skill level 1 in Fighting
  3983 | D:5      | Reached XP level 7. HP: 61/63 MP: 7/7
  4154 | D:5      | Found a runed translucent door.
  4155 | D:5      | Noticed Crazy Yiuf
  4167 | D:5      | Killed Crazy Yiuf
  4427 | D:5      | Found a staircase to the Ecumenical Temple.
  4517 | Temple   | Entered the Ecumenical Temple
  4606 | Temple   | Became a worshipper of Warmaster Okawaru
  4756 | D:6      | Found a blossoming altar of Fedhas.
  4987 | D:6      | Noticed a steam dragon
  5002 | D:6      | Killed a steam dragon
  5060 | D:6      | Reached XP level 8. HP: 69/75 MP: 8/8
  5475 | D:5      | Bought a scroll of teleportation for 69 gold pieces
  5475 | D:5      | Bought a scroll of identify for 46 gold pieces
  5475 | D:5      | Bought a viscous cyan potion for 20 gold pieces
  5613 | D:6      | Reached * piety under Okawaru
  5745 | D:6      | Reached skill level 8 in Unarmed Combat
  5981 | D:7      | Reached skill level 1 in Invocations
  6051 | D:7      | Reached skill level 1 in Evocations
  6082 | D:7      | Learned a level 4 spell: Animate Dead
  6212 | D:7      | Reached ** piety under Okawaru
  6328 | D:7      | Reached XP level 9. HP: 66/81 MP: 10/10
  6940 | D:7      | Reached skill level 5 in Necromancy
  7624 | D:5      | Bought 2 potions of curing for 138 gold pieces
  7677 | D:8      | Noticed Joseph
  7816 | D:8      | Got Qohuish's Guide on Earthen Flight
  7877 | D:8      | Paralysed by a hornet for 3 turns
  7981 | D:8      | Identified a scroll of acquirement
  7981 | D:8      | Acquired the ring of Kilalluak {rC+ Str+2}
  8008 | D:8      | Killed Joseph
  8422 | D:8      | Noticed a death yak
  8442 | D:8      | Noticed a death yak
  8445 | D:8      | Killed a death yak
  8445 | D:8      | Reached *** piety under Okawaru
  8446 | D:8      | Reached XP level 10. HP: 87/91 MP: 11/13
  8446 | D:8      | Noticed a death yak
  8685 | D:8      | Found a staircase to the Lair.
  9055 | D:8      | Killed a death yak
  9056 | D:8      | Reached skill level 9 in Unarmed Combat
  9089 | D:8      | Killed a death yak
  9089 | D:8      | Reached **** piety under Okawaru
  9089 | D:8      | Received a gift from Okawaru
  9322 | D:8      | Reached skill level 10 in Unarmed Combat
  9467 | Lair:1   | Entered Level 1 of the Lair of Beasts
  9467 | Lair:1   | Noticed a black mamba
  9475 | D:8      | Killed a black mamba
  9475 | D:8      | Received a gift from Okawaru
  9679 | D:9      | Found a shimmering altar of Xom.
  9709 | D:9      | Found a radiant altar of Vehumet.
  9737 | D:9      | Reached skill level 11 in Unarmed Combat
  9820 | D:9      | Found a staircase to the Orcish Mines.
  9910 | D:9      | Reached XP level 11. HP: 97/97 MP: 14/14
 10015 | D:9      | Found a runed translucent gate.
 10016 | D:9      | Found a runed translucent gate.
 10016 | D:9      | Noticed ojifijod's ghost (journeyman GrFi)
 10017 | D:9      | Found a runed translucent gate.
 10171 | D:9      | Received a gift from Okawaru
 10193 | D:9      | Reached ***** piety under Okawaru
 10620 | D:9      | Reached skill level 12 in Unarmed Combat
 10628 | D:9      | Found a burning altar of Makhleb.
 10630 | D:9      | Found an ornate altar of the Wu Jian Council.
 11277 | D:3      | Bought an ivory wand for 100 gold pieces
 11337 | D:4      | Identified the +11 long sword of Brutal Revenge {freeze,
                  | Dex+2}
 11341 | D:4      | Found Atism's Armour Emporium.
 11667 | Lair:1   | Received a gift from Okawaru
 11737 | Lair:1   | Noticed a seven-headed hydra
 11740 | Lair:1   | Noticed a five-headed hydra
 11750 | Lair:1   | Slain by a seven-headed hydra

Illustrated notes

Levels and vault maps discovered:
D:1:      onia_arrival_mini_spirals, layout_basic, minmay_misc_feat_pillars,
          st_stairs_6
D:2:      minmay_roachtagon, layout_loops_ring
D:3:      layout_basic, serial_shops, nicolae_shop_waterfront
D:4:      kennysheep_spiral_hall, layout_basic, serial_shops,
          nicolae_shop_stone, nrook_loot_triangle, hex_tiny,
          hangedman_decor_peaks_small
D:5:      layout_cave_pools, minmay_temple_entry_slanted, serial_shops,
          nicolae_shop_statue_plus, uniq_crazy_yiuf_cottage
D:6:      layout_loops_corners, mainiacjoe_overflow_alcove_1
D:7:      layout_gridville, hangedman_minor_gate_pass
D:8:      layout_gridville, dpeg_lair_monsters, uniq_joseph
D:9:      layout_basic, nicolae_overflow_hidden_temple,
          mainiacjoe_overflow_catwalk_spiral, minmay_orc_entry_temple_small,
          gammafunk_ghost_nasty_kobolds, special_room [special_room_orc],
          minmay_circle_x
Temple:   eino_temple_scatter_basement
Lair:1:   layout_chaotic_city, st_stairs_3, lemuel_altar_in_water2,
          hibernation_bobbens, lemuel_fruit_tree, grunt_megastairs_1,
          minmay_lair_oklob_chamber, lemuel_fruit_fields

Skill      XL: |  1  2  3  4  5  6  7  8  9 10 11 |
---------------+----------------------------------+-----
Unarmed Combat | 1 2 4 5 7 8 11 12 | 12.6
Fighting       | 1 3 |  3.2
Dodging        | 3 |  3.0
Throwing       | 2 6 |  6.8
Invocations    | 3 |  3.0
Evocations     | 3 |  3.0
Necromancy     | 5 |  5.0
Spellcasting   | 3 |  3.2
Stealth        | |  1.0

Action                   |  1- 3 |  4- 6 |  7- 9 | 10-12 || total
-------------------------+-------+-------+-------+-------++-------
Melee: Unarmed           |   102 |   174 |   248 |   226 ||   750
       Punch             |     2 |     3 |    10 |    10 ||    25
Throw: Dart              |       |    33 |    77 |    50 ||   160
       Large rock        |       |       |       |    29 ||    29
       Stone             |       |       |       |     7 ||     7
       Boomerang         |       |       |       |    14 ||    14
 Cast: Pain              |    19 |    15 |       |       ||    34
       Animate Skeleton  |       |       |    15 |       ||    15
       Animate Dead      |       |       |     6 |     7 ||    13
Invok: Heroism           |       |       |     4 |    11 ||    15
Evoke: Wand              |       |       |     8 |     9 ||    17
  Use: Scroll            |       |    14 |     6 |     6 ||    26
       Potion            |       |       |     4 |       ||     4
 Stab: Sleeping          |       |     1 |       |       ||     1
Armor: Robe              |    32 |    50 |    66 |    54 ||   202
Dodge: Dodged            |    49 |    65 |   105 |    90 ||   309

Table legend: (Time is in decaauts)
 A = Elapsed time spent in this place.
 B = Non-inter-level travel time spent in this place.
 C = Inter-level travel time spent in this place.
 D = Time resting spent in this place.
 E = Time spent auto-exploring this place.
 F = Levels seen in this place.
 G = Mean time per level.
                   A        B        C        D        E       F      G
               +--------+--------+--------+--------+--------+-----+--------+
         Total |  11648 |  10812 |    836 |   1757 |   6342 |  11 | 1058.9 |
       Dungeon |  11342 |  10522 |    820 |   1757 |   6210 |   9 | 1260.2 |
        Temple |    106 |     90 |     16 |      0 |      0 |   1 |  106.0 |
          Lair |    200 |    200 |      0 |      0 |    132 |   1 |  200.0 |
               +--------+--------+--------+--------+--------+-----+--------+

Top non-repeatable levels by time:
     D:8: 1950 daAuts
     D:7: 1646 daAuts
     D:9: 1461 daAuts
     D:5: 1209 daAuts
     D:2: 1199 daAuts
     D:6: 1185 daAuts
     D:3: 1052 daAuts
     D:1: 1017 daAuts
     D:4: 621 daAuts
  Lair:1: 200 daAuts
  Temple: 106 daAuts
